Unix NetHack Version 5.0.0-0 post-release - last build May  4 2026 22:22:43 (774f63e81ad911689b3a0859ea89b322d5daca8d,branch:main).

Game began 2026-05-04 02:25:14, ended 2026-05-10 04:08:53.

Eldrich, lawful male human Archeologist

                   ---------------------------------
                   |...............................|
                   |   -----------.---------------.|             --------
                                 +.|.(((|   |+=[.|%.            ........|
                                 |.|.(((|   |%%!.-%|  #                 |
                                 |.-.((/|   |(%./|.|  ###
                           -------.------+--------.|# ####
                           |.@..|....{..............### #
                           |.@..|.......----)--%...|#   ##
                           |..f.|.......|  |%.|....|     #
                           |....|{......|  |(.|....|     ###  ----.---
                   |   ---+---|--.......-+-----....|       ###.......|
                   |...............................|          |......|
                   |   ---- --|--.......-----|----.|          |...<..|
                             |. |.......-..|..|..-.|          |......|
                             |..|.......|..|..|..|.|          |......|
                             -----------------------          --------

Eldrich the Investigator   St:13 Dx:13 Co:17 In:12 Wi:14 Ch:9  Lawful
Dlvl:8  $:1452 HP:0(64) Pw:27(27) AC:7  Xp:6 T:3936 

Latest messages:
 What do you want to drop? [$a-df-hk-oq-uwx or ?*] ?
 A purple-red potion lands on the altar.
 o - an uncursed purple-red potion.
 What do you want to drop? [$a-df-hk-oq-uwx or ?*] ?
 2 smoky potions land on the altar.
 l - 2 uncursed smoky potions.
 What do you want to drop? [$a-df-hk-oq-uwx or ?*] ?
 A scroll of create monster lands on the altar.
 u - an uncursed scroll of create monster.
 What do you want to drop? [$a-df-hk-oq-uwx or ?*] ?
 A scroll of light lands on the altar.
 m - an uncursed scroll of light.
 What do you want to drop? [$a-df-hk-oq-uwx or ?*] ?
 There is an amber flash as a scroll of stinking cloud hits the altar.
 x - a blessed scroll of stinking cloud.
 You sense the presence of monsters.
 (For instructions type a '?')
 Done.
 What do you want to drop? [$a-cf-hk-oq-uwx or ?*] ?
 A food ration lands on the altar.
 q - an uncursed food ration.
 The jaguar hits!
 The jaguar hits again!
 The jaguar bites!
 You lash the jaguar.
 The jaguar hits!
 The jaguar hits again!
 The jaguar bites!
 The jaguar hits!
 The jaguar hits again!
 The jaguar bites!
 You feel more confident in your weapon skills.
 You lash the jaguar.
 The jaguar hits!
 The jaguar hits again!
 The jaguar bites!
 You lash the jaguar.
 The jaguar hits!
 The jaguar just misses!
 The jaguar bites!
 Are you sure you want to pray? [yn] (n) y
 You begin praying to Huhetotl.
 The jaguar hits!
 The jaguar hits again!
 You die...
 Do you want your possessions identified? [ynq] (y) y
 Do you want to see your attributes? [ynq] (y) y
 Do you want an account of creatures vanquished? [ynaq] (y) y
 Do you want to see your conduct and achievements? [ynq] (y) y
 Do you want to see the dungeon overview? [ynq] (y) y

Inventory:
 Coins    ('$')
  $ - 1452 gold pieces
 Weapons  (')')
  a - a +2 bullwhip (weapon in right hand)
 Armor    ('[')
  c - an uncursed +0 fedora (being worn)
  r - an uncursed +0 dwarvish cloak (being worn)
  b - an uncursed +0 leather jacket
  t - an uncursed +0 ring mail (being worn)
 Comestibles  ('%')
  q - an uncursed food ration
 Scrolls  ('?')
  u - an uncursed scroll of create monster
  m - an uncursed scroll of light
  x - a blessed scroll of stinking cloud
 Potions  ('!')
  l - 2 uncursed potions of blindness
  o - an uncursed potion of confusion
  s - an uncursed potion of gain energy
  n - a cursed potion of see invisible
  w - an uncursed potion of sleeping
 Tools    ('(')
  h - an uncursed sack containing 2 items
  k - an uncursed stethoscope
  f - a tinning kit (0:67)
 Gems/Stones  ('*')
  g - an uncursed touchstone

Contents of the sack:
  an uncursed fluorite stone
  2 uncursed obsidian stones

Eldrich the Archeologist's attributes:

Background:
 You were an Investigator, a level 6 male human Archeologist.
 You were lawful, on a mission for Quetzalcoatl
 who was opposed by Camaxtli (neutral) and Huhetotl (chaotic).
 You were right-handed.
 You were in the Gnomish Mines, on level 8.
 You entered the dungeon 3936 turns ago.
 It was nighttime.
 You had 602 experience points, 38 more were needed to attain level 7.

Basics:
 You had 0 out of 64 hit points.
 You had all 27 energy points (spell power).
 Your armor class was 7.
 Your wallet contained 1452 zorkmids.
 Autopickup was off.

Final Characteristics:
 Your strength was 13 (limit:18/100).
 Your dexterity was 13 (limit:18).
 Your constitution was 17 (peak:18, limit:18).
 Your intelligence was 12 (limit:18).
 Your wisdom was 14 (limit:18).
 Your charisma was 9 (limit:18).

Final Status:
 You weren't hungry.
 You were unencumbered.
 You were wielding a whip.
 You were skilled in whip and could have enhanced that.

Final Attributes:
 You were piously aligned.
 Your items were somewhat protected from fire.
 Your items were somewhat protected from cold.
 You had automatic searching.
 You were stealthy.
 You were warded.
 Your spell casting was impaired by metallic armor.
 You were lucky.
 You are dead (2nd time!).

Miscellaneous:
 You didn't encounter any bones levels.
 Total elapsed playing time was 1 hour, 3 minutes and 12 seconds.

Major events:
 Turn
    1: Eldrich the lawful male human Archeologist entered the dungeon
  716: attained the rank of Field Worker (level 3)
 1930: entered the Gnomish Mines
 2944: attained the rank of Investigator (level 6)
 3557: averted death (killed by a black unicorn)
 3584: reached Mine Town
 3936: killed by a jaguar, while praying

Spells:
 Name                 Level Category     Fail Retention
 create monster         2   clerical     100%  76%-100%

Skills:
 Fighting Skills
   bare handed combat [Unskilled]
   two weapon combat  [Unskilled]
   riding             [Unskilled]
 Weapon Skills
   dagger             [Unskilled]
   knife              [Unskilled]
   pick-axe           [Basic]
   short sword        [Unskilled]
   saber              [Unskilled]
   club               [Unskilled]
   quarterstaff       [Unskilled]
   sling              [Unskilled]
   dart               [Unskilled]
   boomerang          [Unskilled]
   whip               [Skilled]
   unicorn horn       [Unskilled]
 Spellcasting Skills
   attack spells      [Unskilled]
   healing spells     [Unskilled]
   divination spells  [Unskilled]
   matter spells      [Unskilled]

Voluntary challenges:
 Character rerolling was not enabled.
 You never genocided any monsters.
 You never polymorphed an object.
 You never changed form.
 You used no wishes.
Achievements:
 You attained the rank of Field Worker.
 You entered a shop.
 You entered the Gnomish Mines.
 You attained the rank of Investigator.
 You entered Minetown.
 You entered a temple.

 The Dungeons of Doom: levels 1 to 5
    Level 1:
    Level 2:
       Some fountains.
    Level 3:
       A fountain.
    Level 4:
       A potion shop.
       Stairs down to The Gnomish Mines.
    Level 5:
 The Gnomish Mines: levels 5 to 8
    Level 5:
    Level 6:
    Level 7:
    Level 8: <- You were here.
       Some shops, a temple and an altar, some fountains.
       Final resting place for
          you, killed by a jaguar, while praying.


Vanquished creatures:
 an orc-captain
  2 rock moles
  2 ponies
  3 gnome leaders
  5 gnomish wizards
  a kitten
  a dwarf
  a kobold leader
  a rothe
  a wererat
  a werejackal
  2 iguanas
  a hobbit
  2 large kobolds
  a giant rat
  a yellow mold
 29 gnomes
  2 geckos
  8 jackals
  a fox
  2 kobolds
  6 goblins
  9 grid bugs
  2 lichens
  7 newts
92 creatures vanquished.

No species were genocided or became extinct.

Game over:
                       ----------
                      /          \
                     /    REST    \
                    /      IN      \
                   /     PEACE      \
                  /                  \
                  |     Eldrich      |
                  |     1452 Au      |
                  |   killed by a    |
                  |      jaguar      |
                  |                  |
                  |                  |
                  |       2026       |
                 *|     *  *  *      | *
        _________)/\\_//(\/(/\)/\//\/|_)_______

Goodbye Eldrich the Archeologist...

You died in The Gnomish Mines on dungeon level 8 with 4075 points,
and 1452 pieces of gold, after 3936 moves.
You were level 6 with a maximum of 64 hit points when you died.

